Cogmind - Beta 14 @@@ ROGUE MODE // 2025.03.05 @ 22:43:59 Player: Prakos Result: Self-destructed Performance ------------- Evolutions (2) 1000 Regions Visited (4) 800 Robots Destroyed (16) 80 Value Destroyed (170) 170 Prototype IDs (0) 0 Alien Tech Used (0) 0 Bonus (25) 25 TOTAL SCORE: 2075 Bonus ------- Follower Combat Kills 25 Cogmind --------- Core Integrity 546/550 Matter 250/300 Energy 7/250 System Corruption 0% Temperature Cool (79) Movement Flying (94) Ox1 Location -8/Materials Parts ------- > --- POWER (1) -------- Ion Engine > --- PROPULSION (4) --- Flight Unit Surge Thruster > --- UTILITY (4) ------ Sensor Array Signal Interpreter Utility Shielding Shield Generator > --- WEAPON (2) ------- Beam Rifle Assault Rifle > --- INVENTORY (5) ---- Light Ion Engine Flight Unit Flight Unit Hacking Suite Peak State ------------ > --- POWER ------------ Ion Engine > --- PROPULSION ------- Flight Unit Flight Unit Flight Unit Surge Thruster > --- UTILITY ---------- Sensor Array Signal Interpreter Utility Shielding Shield Generator > --- WEAPON ----------- Beam Rifle Field Laser > --- INVENTORY -------- Light Ion Engine Flight Unit Flight Unit Hacking Suite Assault Rifle [Rating: 17] Favorites ----------- Power Ion Engine Engine Ion Engine Propulsion Flight Unit Treads Light Treads Leg Aluminum Leg Flight Unit Flight Unit Utility Sensor Array Device Sensor Array Storage Small Storage Unit Processor Signal Interpreter Protection Utility Shielding Weapon Assault Rifle Energy Gun EM Pulse Gun Ballistic Gun Assault Rifle Build | -11 -10 -9 -9 -8 ------- Run | Yrd Mat Mat Min Mat Slots Evolved 4 | . . 2 . 2 Power . | . . . . . Propulsion 2 | . . 1 . 1 Utility 2 | . . 1 . 1 Weapon . | . . . . . Parts Attached 30 | 6 10 . 9 5 Power 3 | 1 1 . 1 . Engine 3 | 1 1 . 1 . Core . | . . . . . Reactor . | . . . . . Propulsion 12 | 2 4 . 4 2 Treads 2 | . 2 . . . Leg 2 | 2 . . . . Wheel . | . . . . . Hover . | . . . . . Flight 8 | . 2 . 4 2 Utility 8 | 1 5 . 1 1 Device 2 | . 1 . . 1 Storage 3 | 1 2 . . . Processor 1 | . 1 . . . Hackware . | . . . . . Protection 2 | . 1 . 1 . Artifact . | . . . . . Weapon 7 | 2 . . 3 2 Energy Gun 4 | 1 . . 2 1 Energy Cannon . | . . . . . Ballistic Gun 3 | 1 . . 1 1 Ballistic Cannon . | . . . . . Launcher . | . . . . . Special Weapon . | . . . . . Impact Weapon . | . . . . . Slashing Weapon . | . . . . . Piercing Weapon . | . . . . . Special Melee Weapon . | . . . . . Unidentified Prototypes . | . . . . . Parts Lost 2 | . . . . 2 Power . | . . . . . Propulsion 2 | . . . . 2 Utility . | . . . . . Weapon . | . . . . . Highest Loss Streak 2 | . . . . 2 To Critical Strikes . | . . . . . Average Slot Usage (%) 95 | . 97 77 98 97 Engine 12 | . 14 11 11 9 Treads 4 | . 9 . . . Leg 6 | . 14 . . . Flight 18 | . 3 22 32 36 Device 10 | . 10 11 11 15 Storage 4 | . 10 . . . Processor 6 | . 1 11 11 9 Protection 5 | . 2 . 10 9 Energy Gun 12 | . 14 11 11 15 Ballistic Gun 11 | . 14 11 11 2 Peak Build Rating 17 | 6 7 7 11 17 Average Rating 8 | 4 6 7 9 15 On Entrance 6 | . 6 7 7 10 Naked Turns . | . . . . . Heaviest Build 50 | 14 50 8 13 15 Greatest Support 40 | 20 40 8 12 16 Greatest Overweight (x) 3 | 3 1 . 1 . Average Overweight (x) . | . . . . . Largest Inventory Capacity 20 | 8 20 5 5 5 Average Capacity 7 | 7 11 5 5 5 Most Carried 6 | 4 6 5 5 5 Average Carried 4 | 2 4 4 4 4 Final Capacity 8 | 8 5 5 5 5 Final Carried 5 | 4 3 5 5 4 Class Distribution -------------------- 68% | Mutant 31% | Scavenger-Mutant Dominant Class ---------------- Mutant | -10/Materials Mutant | -9/Materials Scavenger-Mutant | -9/Mines Mutant | -8/Materials Resources | -11 -10 -9 -9 -8 ----------- Run | Yrd Mat Mat Min Mat Matter Collected 558 | 269 63 86 140 . Remotely . | . . . . . Salvage Created 331 | 88 108 18 117 . Parts 26 | 3 10 1 12 . Haulers Intercepted . | . . . . . Recyclers Shooed 3 | . 2 . 1 . Parts Field Recycled . | . . . . . Retrieved Matter . | . . . . . Parts Self-Destructed . | . . . . . Prevented . | . . . . . Kills | -11 -10 -9 -9 -8 ------- Run | Yrd Mat Mat Min Mat Combat Hostiles Destroyed 11 | . 3 . 8 . Guns 11 | . 3 . 8 . Classes Destroyed 4 | 1 3 . . . Recycler 2 | 1 1 . . . Operator 2 | . 1 1 . . Watcher 1 | . 1 . . . Swarmer 11 | . 3 . 8 . Best Kill Streak 4 | 1 3 1 4 . Combat Bots Only 4 | . 3 . 4 . Max Kills in Single Turn 1 | 1 1 1 1 . Gunslinging . | . . . . . Exploded . | . . . . . Melee . | . . . . . Uniques/NPCs Destroyed . | . . . . . Combat | -11 -10 -9 -9 -8 -------- Run | Yrd Mat Mat Min Mat Hostile Shots Fired 75 | . 19 2 45 9 Missed 27 | . 8 1 16 2 Damage Taken 477 | . 88 8 253 128 Core 134 | . 33 . 97 4 Absorbed by Shields 24 | . . . . 24 Redirected to Shielding 3 | . . . . 3 Core Remaining (%) 87 | 100 86 . 75 . Volleys Fired 45 | 3 16 4 20 2 Largest 2 | 2 2 2 2 2 Hottest 119 | 60 60 60 76 119 Shots Fired 90 | 6 32 8 40 4 Gun 90 | 6 32 8 40 4 Cannon . | . . . . . Launcher . | . . . . . Special . | . . . . . Kinetic 43 | 3 16 4 20 . Thermal 16 | . . . 12 4 Explosive . | . . . . . Electromagnetic 31 | 3 16 4 8 . Robot Hit Streak 6 | 2 5 2 6 . Robot Miss Streak 7 | 3 3 1 7 4 Penetration Max . | . . . . . Secondary Targets 3 | . . . 3 . Max Gunslinging Chain 1 | . . . 1 . Shots Hit Robots 41 | 2 15 5 19 . Core Hits 19 | 2 6 1 9 1 Critical Kills . | . . . . . Critical Parts Destroyed . | . . . . . Critical Strikes 1 | . 1 . . . Corrupt 1 | . 1 . . . Melee Attacks . | . . . . . Impact . | . . . . . Slashing . | . . . . . Piercing . | . . . . . Sneak Attacks . | . . . . . Combat Hostiles . | . . . . . Follow-up Attacks . | . . . . . Damage Inflicted 613 | 28 231 78 246 30 Guns 603 | 28 221 78 246 30 Cannons . | . . . . . Explosions . | . . . . . Melee . | . . . . . Ramming 10 | . 10 . . . Kinetic 251 | 13 80 26 132 . Thermal 74 | . . . 44 30 Explosive . | . . . . . Electromagnetic 278 | 15 141 52 70 . Impact . | . . . . . Slashing . | . . . . . Piercing . | . . . . . Highest Corruption 2 | . 2 . . . Average Corruption 2 | . 2 . . . Corruption Purged . | . . . . . Corruption Blocked . | . . . . . Overload Shots . | . . . . . Overflow Damage . | . . . . . Projectiles . | . . . . . Explosions . | . . . . . Melee . | . . . . . Knockbacks . | . . . . . Impact . | . . . . . Kinetic . | . . . . . Secondary . | . . . . . Self-Inflicted Damage . | . . . . . Shots . | . . . . . Rammed 1 | . 1 . . . Targets Rammed 5 | . 5 . . . Kicked 3 | . 3 . . . Crushed 1 | . 1 . . . Highest Temperature 189 | . 6 . 189 102 Average Temperature 85 | . 4 . 100 45 Received Heat Transfer 18 | . . . 18 . Siege Activations . | . . . . . Robots Corrupted . | . . . . . Combat Hostiles . | . . . . . Parts Fried 1 | . 1 . . . Impact Corruptions . | . . . . . Robots Melted . | . . . . . Combat Hostiles . | . . . . . Parts Melted . | . . . . . Heat Transferred 185 | . . . 111 74 Parts Sabotaged . | . . . . . Parts Stolen . | . . . . . Parts Stripped . | . . . . . Power Chain Reactions . | . . . . . Alert | -11 -10 -9 -9 -8 ------- Run | Yrd Mat Mat Min Mat Peak Influence 265 | 5 169 152 265 103 Initial 103 | . 3 70 58 103 Average 113 | 1 102 112 160 102 Maximum Alert Level 1 | . . . 1 . Low Security (%) 96 | 100 100 100 89 100 Level 1 3 | . . . 10 . Level 2 . | . . . . . Level 3 . | . . . . . Level 4 . | . . . . . Level 5 . | . . . . . High Security . | . . . . . Max Security . | . . . . . Squads Dispatched 4 | . 1 2 . 1 Investigation 1 | . . 1 . . Extermination . | . . . . . Reinforcement 3 | . 1 1 . 1 Assault . | . . . . . Garrison . | . . . . . Intercept . | . . . . . Searches Triggered . | . . . . . Construction Impeded . | . . . . . Haulers Reinforced . | . . . . . Active Scanning Responses . | . . . . . Cargo Convoy Interrupts . | . . . . . Stealth | -11 -10 -9 -9 -8 --------- Run | Yrd Mat Mat Min Mat Distress Signals 1 | . . 1 . . Communications Jammed . | . . . . . Distress Signals . | . . . . . Times Spotted 37 | . 8 10 14 5 Peak Tracking Total 9 | . 3 9 8 7 Tactical Retreats 1 | . . . 1 . Traps | -11 -10 -9 -9 -8 ------- Run | Yrd Mat Mat Min Mat Traps Triggered 2 | . 1 1 . . Indirectly . | . . . . . Trap Hack Attempts . | . . . . . Triggered . | . . . . . Disarmed . | . . . . . Reprogrammed . | . . . . . Reused . | . . . . . Traps Extracted . | . . . . . Installed . | . . . . . Triggered . | . . . . . Machines | -11 -10 -9 -9 -8 ---------- Run | Yrd Mat Mat Min Mat Machines Disabled . | . . . . . Max in Single Turn . | . . . . . Machines Repaired . | . . . . . Machines Dismantled . | . . . . . Machines Sabotaged . | . . . . . Overloaded Fab Kills . | . . . . . Hacking | -11 -10 -9 -9 -8 --------- Run | Yrd Mat Mat Min Mat Machines Accessed 9 | . 5 4 . . Terminals 8 | . 4 4 . . Fabricators . | . . . . . Repair Stations . | . . . . . Recycling Units 1 | . 1 . . . Scanalyzers . | . . . . . Garrison Access . | . . . . . Total Hacks 21 | . 12 9 . . Successful 10 | . 6 4 . . Failed 11 | . 6 5 . . Catastrophic 5 | . 3 2 . . Database Lockouts . | . . . . . Manual 16 | . 9 7 . . Terminals 19 | . 10 9 . . Fabricators . | . . . . . Repair Stations . | . . . . . Recycling Units 2 | . 2 . . . Scanalyzers . | . . . . . Garrison Access . | . . . . . Terminal Hacks 1 | . 1 . . . Terminal Index 1 | . 1 . . . Fabricator Hacks . | . . . . . Repair Station Hacks . | . . . . . Recycling Unit Hacks 1 | . 1 . . . Retrieve Components 1 | . 1 . . . Scanalyzer . | . . . . . Garrison Access Hacks . | . . . . . Unauthorized Hacks 8 | . 4 4 . . Terminals 8 | . 4 4 . . Botnet 8 | . 4 4 . . Fabricators . | . . . . . Repair Stations . | . . . . . Recycling Units . | . . . . . Scanalyzers . | . . . . . Garrison Access . | . . . . . Data Cores Recovered 1 | . . 1 . . Used 1 | . . 1 . . Hacking Detections 8 | . 4 4 . . Full Trace Events . | . . . . . Feedback Events . | . . . . . Feedback Blocked . | . . . . . Robot Schematics Acquired . | . . . . . Robots Built . | . . . . . Authchips . | . . . . . Time . | . . . . . Total Robot Build Rating . | . . . . . Part Schematics Acquired . | . . . . . Parts Built . | . . . . . Authchips . | . . . . . Time . | . . . . . Total Part Build Rating . | . . . . . Parts Repaired . | . . . . . Time . | . . . . . Parts Recycled . | . . . . . Recycled Matter . | . . . . . Retrieved Matter . | . . . . . Retrieved Components 2 | . 2 . . . Parts Scanalyzed . | . . . . . Part Schematics Acquired . | . . . . . Parts Damaged . | . . . . . Bothacking | -11 -10 -9 -9 -8 ------------ Run | Yrd Mat Mat Min Mat Used RIF Installer . | . . . . . Robots Hacked . | . . . . . Non-combat . | . . . . . Combat . | . . . . . Robot Hacks Applied . | . . . . . Relay Couplers Released . | . . . . . Fabnet Peak Effective % . | . . . . . Robots Rewired . | . . . . . Allies Hacked . | . . . . . Hacks Repelled . | . . . . . Allies | -11 -10 -9 -9 -8 -------- Run | Yrd Mat Mat Min Mat Total Allies 2 | . . . 2 . Largest Group 2 | . . . 2 . Highest-Rated Group 52 | . . . 52 . Highest-Rated Ally 31 | . . . 31 . Total Orders . | . . . . . Ally Attacks 9 | . . . 9 . Total Damage 148 | . . . 148 . Kills 1 | . . . 1 . Allies Corrupted . | . . . . . Allies Melted . | . . . . . Intel | -11 -10 -9 -9 -8 ------- Run | Yrd Mat Mat Min Mat Robot Analysis Total . | . . . . . Derelict Logs Recovered 2 | . . . 2 . Drone Launches . | . . . . . Drone Recoveries . | . . . . . Exploration | -11 -10 -9 -9 -8 ------------- Run | Yrd Mat Mat Min Mat Turns Passed 723 | 73 297 60 258 35 Spaces Moved 897 | 43 211 118 450 75 Core 13 | 13 . . . . Treads 28 | . 28 . . . Legs 133 | 30 103 . . . Wheels . | . . . . . Hover . | . . . . . Flight 723 | . 80 118 450 75 Fastest Speed 26 | 50 37 37 34 26 Average Speed 54 | 120 102 37 34 28 Slowest Speed 240 | 200 240 37 114 31 Overloaded Moves 20 | . . . . 20 Propulsion Burnouts . | . . . . . Robots Hopped 4 | . . 1 3 . Cave-ins Triggered . | . . . . . Exploration Rate (%) 35 | 4 48 23 88 14 Regions Visited 4 Branch Regions 1 Pre-discovered Areas 2 | . . . 2 . Known Exits Taken 3 | . 1 1 1 . Unknown Exits Taken 1 | 1 . . . . Scrap Searched 3 | . . . 3 . Spaces Dug . | . . . . . Terrain Destroyed . | . . . . . Melee . | . . . . . Projectile . | . . . . . AOE . | . . . . . Terrain Rammed . | . . . . . Walls Destroyed . | . . . . . Machines Disabled . | . . . . . Actions | -11 -10 -9 -9 -8 --------- Run | Yrd Mat Mat Min Mat Total 1026 | 55 255 124 509 83 Wait 30 | . 2 2 26 . Move 885 | 42 210 115 443 75 Hop 4 | . . 1 3 . Pick Up 11 | 4 3 2 2 . Fast Attach 15 | 6 5 . 3 1 Attach 7 | . 3 . 1 3 Detach 2 | . 1 . . 1 Swap 8 | . 2 . 5 1 Drop 14 | . 8 . 6 . Fire 45 | 3 16 4 20 2 Melee . | . . . . . Ram . | . . . . . Kick 3 | . 3 . . . Crush 2 | . 2 . . . Escape Stasis . | . . . . . Rewire . | . . . . . Trap . | . . . . . Miscellaneous . | . . . . . Route ------- -11/Scrapyard -10/Materials -9/Materials -9/Mines -8/Materials History --------- Turn | Location | Event 17 | -11/Scrapyard | Discovered new exit (range 16) 74 | -11/Scrapyard | Entered Materials 304 | -10/Materials | Build established: Mutant 365 | -10/Materials | Discovered new exit (range 16) 370 | -10/Materials | Identified exit to Materials 371 | -10/Materials | Entered another Materials area 371 | -9/Materials | Evolved 2 slots: Propulsion x1, Utility x1 426 | -9/Materials | Discovered new exit (range 9) 430 | -9/Materials | Identified exit to Mines 431 | -9/Materials | Entered Mines 536 | -9/Mines | Learned location of Storage (-9) 682 | -9/Mines | Discovered new exit (range 15) 688 | -9/Mines | Identified exit to Materials 689 | -9/Mines | Entered Materials 689 | -8/Materials | Evolved 2 slots: Propulsion x1, Utility x1 724 | -8/Materials | Self-destructed Last Messages --------------- 00649_ Destroyed Flight Unit. 00652_ S-10 Pest destroyed. 00658_ Switching to secondary target: S-10 Pest. 00661_ S-10 Pest destroyed. 00682_ EXIT=FOUND 00684_ Acquired 17 matter. 00685_ Acquired 19 matter. 00686_ Dropped Flight Unit. 00688_ EXIT=IDENTIFIED: MATERIALS PARAMETERS=PROPULSION+1,UTILITY+1 LOCATION=MATERIALS GOAL=ESCAPE 00696_ Acquired Field Laser. 00700_ ALERT: Suspicious intruders detected, dispatching Cutter reinforcements to area. 00717_ T-07 Excavator is excavating. 00718_ U-05 Engineer lays Concrete. 00721_ Field Laser severed. 00721_ T-07 Excavator is excavating. 00721_ Flight Unit destroyed. Map ----- +----------------------------------------------------+ | ?????????????????????????????????????????????????? | | ?????????????????????????????????????????????????? | | ?????????????????????????????????????????????????? | | ?????????????????????????????????????????????????? | | ?????????????????????????? ????????????????????? | | ?????????????????????????# ??????????????? ??? | | ?????????????????????????# ??????????????? #?? | | ?????????????????????????# ??????????????? #?? | | ?????????????????????????# ??????????????? #?? | | ?????????????????????????# ??????????????# #?? | | ?????????????????????????# ??????????????# #?? | | ?????????????????????????# #?????????????# #?? | | ?????????????????????????# #?????????????# #?? | | ?????????????????????????# #?????????????# #?? | | ?????????????????????????# #?????????????# #?? | | ?????????????????????????# #?????????????# #?? | | ?????????????????????????# #?????????????# #?# | | ?????????????????????????# #?????????????# ### | | ?????????????????????????# ############### | | ?????????????????????????# #?# | | ?????????????????????????# ############### #?# | | ?????????????????????????# #?#?????????####+#### | | ?????????????????????????# # #?????????# | | ?????????????????????????# c t #?????????# | | ???????????????# #####c #x??????????# | | ???????????????# @c #???????????# | | ???????????????# #####c #???????????# | | ?????????????????????????# #???????????# | | ????????????????????????? #??????????# | | ????????????????????????]]!!//#??????????# | | ????????????????????????]]!!//#??????????# | | ???????????????????????########??????????######### | | ??????????????????????????????????????????????# | | ??????????????????????????????????????????????# "" | | ??????????????????????????????????????????????# "" | | ??????????????????????????????????????????????# | | ??????????????????????????????????????????????# | | ??????????????????????????????????????????????#### | | | | | | | | | | | | | | | | | | | | | | | | | +----------------------------------------------------+ Best States ------------- Heat Dissipation 31 Energy Generation 10 Energy Capacity 250 Matter Stores 300 Matter Capacity 300 Sight Range 16 Robot Scan Range 14 Terrain Scan Density 10 Utility Shielding 33 Evasion (%) 64 Recoil Reduction 2 Item Schematics ----------------- None Robot Schematics ------------------ None Fabricated ------------ Nothing Alien Tech Used ----------------- None Achievements -------------- None Challenges ------------ None Game ------ Seed DynamicWarpShielding Manual? 0 Play Time 00:28:29 Cumulative 25.0 hours Start 2025.03.05 @ 22:02:45 End 2025.03.05 @ 22:43:59 Sessions 1 Manual Loads 0 Difficulty Rogue Special Mode None Game No. 16 Rogue 16 Adventurer 0 Explorer 0 Win Type - Total 0 Types 0/0/0/0/0/0/0/0/0 Lore% 6 Gallery% 18 Achievement% 25 Wizard Run 0 Options --------- Layout 1 ASCII 0 Keyboard 0 Movement Mouse Keybinds 0 Fullscreen 1 Font 24/Smallcaps Map View 50x35 Zoom Use 0% Tactical HUD 1 Map Filters NONE Filters NONE Steam 1 RUN: 3c646ade-14c1-48b9-b130-95b62eee0f40